 Dungeon Crawl Stone Soup version 0.19-a0-1593-g74e9e56 (webtiles) character file.

2940 AlphabetPasta the Slasher (level 9, -2/68 HPs)
             Began as a Vampire Berserker on Sept 15, 2016.
             Was a High Priest of Trog.
             Killed by nerve-wracking pain
             ... invoked by an orc priest
              (5 damage)
             ... on level 8 of the Dungeon on Sept 16, 2016.
             The game lasted 00:33:19 (8952 turns).

AlphabetPasta the Slasher (Vampire Berserker)       Turns: 8952, Time: 00:33:20

Health: -2/68      AC: 12    Str: 18    XL:     9   Next: 51%
Magic:  10/10      EV: 13    Int:  9    God:    Trog [*****.]
Gold:   354        SH: 11    Dex: 17    Spells: 0 memorised, 8 levels left

rFire  . . .     SeeInvis +     a - +0 falchion
rCold  . . .     Gourm    .     p - +0 ring mail (curse)
rNeg   + . .     Faith    .     q - +1 shield
rPois  .         Spirit   .     (no helmet)
rElec  .         Dismiss  .     (no cloak)
rCorr  .         Reflect  .     h - +0 pair of gloves
MR     .....     Harm     .     y - +0 pair of boots
Stlth  ++........               (no amulet)
                                (no ring)
                                i - +4 ring of protection

@: exhausted, slowed, very slow
A: fangs 3, see invisible, agile 1, unbreathing
a: Bat Form, Berserk, Trog's Hand, Brothers in Arms, Burn Spellbooks, Renounce
Religion


You were on level 8 of the Dungeon.
You worshipped Trog.
Trog was extremely pleased with you.
You were not thirsty.

You visited 1 branch of the dungeon, and saw 8 of its levels.

You collected 354 gold pieces.

Inventory:

Hand Weapons
 a - a +0 falchion (weapon)
Armour
 b - a +0 animal skin
 h - a +0 pair of gloves (worn)
 p - a cursed +0 ring mail (worn)
 q - a +1 shield (worn)
 t - a +0 chain mail
 y - a +0 pair of boots (worn)
Jewellery
 i - a +4 ring of protection (left hand)
 j - a cursed ring of teleportation {unknown}
 k - an uncursed ring of ice {unknown}
 u - a cursed -2 ring of intelligence {unknown}
Wands
 m - a wand of lightning (0/15)
 n - a wand of flame (25/48)
 v - a wand of random effects (38/48)
Scrolls
 f - a scroll of teleportation
 g - 3 scrolls of identify
 l - a scroll of enchant armour
 s - a scroll of blinking
 w - a scroll of fear
 x - a scroll of magic mapping
Potions
 c - 7 potions of blood
 d - 3 potions of agility
 e - 2 potions of cancellation
 o - a potion of brilliance
 r - 2 potions of curing


   Skills:
 + Level 5.3 Fighting
 * Level 7.8 Long Blades
 + Level 4.4 Armour
 + Level 6.2 Dodging
 - Level 2.7 Stealth
 * Level 5.1 Shields
 - Level 2.0 Evocations


You had 8 spell levels left.
You didn't know any spells.

Dungeon Overview and Level Annotations

Branches:
Dungeon (8/15)             Temple (0/1) D:4            Lair (0/6) D:8

Altars:
Ashenzari
Elyvilon
Fedhas
Hepliaklqana
Kikubaaqudgha
Nemelex Xobeh
Okawaru
Sif Muna
Trog
Yredelemnul
Zin


Innate Abilities, Weirdness & Mutations

You have razor-sharp teeth.
You have supernaturally acute eyesight. (SInv)
You can survive without breathing.
You are agile. (Dex +2)


Message History

Beogh smites you! You block Grum's attack.
You slash Grum! You bite Grum, but do no damage.
Grum is almost dead.
Grum hits you but does no damage.
The orc priest invokes the aid of Beogh against you.
Beogh smites you!
* * * LOW HITPOINT WARNING * * *
You feel better. You block Grum's attack. Grum barely misses you.
You hit Grum.
You kill Grum!
Trog accepts your kill.
The orc priest mumbles some strange prayers to Beogh against you.
Pain shoots through your body!
* * * LOW HITPOINT WARNING * * *
The orc priest mumbles some strange prayers to Beogh against you.
Beogh smites you!
* * * LOW HITPOINT WARNING * * *
The orc priest mumbles some strange prayers to Beogh against you.
Pain shoots through your body!
You die...

#.#.## #h##.......
##...## #.# ##...h.
#.....#####.# ##=##
....).......# .# #.
#.....###.### . ...
##...## #.# .... ##.##
#.# ..... #.# #.#
######......
#.#####.###...@o......
#.........†..####.....
#######.###..# ...
........# .
#.##.####.# ###### #.#
... ....# #.# #.##
...... ... #.. ##....
### ##


You could see an orc priest.

Vanquished Creatures
  A hippogriff (D:7)
  A hungry ghost (D:7)
  Grum (D:8)
  2 wargs (D:8)
  A phantom (D:5)
  A wasp (D:7)
  2 ogres
  4 wolves (D:8)
  2 centaurs (D:7)
  A big kobold (D:4)
  3 bullfrogs
  A gnoll sergeant (D:4)
  A wight (D:5)
  A howler monkey (D:4)
  2 bullfrog zombies (D:5)
  2 crimson imps
  A quasit (D:7)
  3 jellies (D:7)
  4 orc priests
  2 hounds (D:7)
  2 bullfrog skeletons
  3 iguanas
  Ijyb (D:2)
  2 orc wizards
  5 worker ants
  3 hound skeletons
  A worker ant zombie (D:6)
  A howler monkey skeleton (D:6)
  3 gnolls (D:4)
  10 adders
  A shadow imp (D:5)
  An adder zombie (D:7)
  2 adder skeletons
  2 worms (D:2)
  4 leopard geckos
  17 orcs
  5 bats
  8 giant cockroaches
  10 hobgoblins
  9 jackals
  8 kobolds
  2 ball pythons (D:2)
  3 frilled lizards
  8 goblins
  A jackal skeleton (D:5)
  A leopard gecko zombie (D:8)
  10 rats
  A spectral orc (D:3)
160 creatures vanquished.

Vanquished Creatures (others)
  A plant (D:8)
1 creature vanquished.

Grand Total: 161 creatures vanquished

Notes
Turn   | Place    | Note
-------+----------+-------------------------------------------
     0 | D:1      | AlphabetPasta the Vampire Berserker began the quest for the Orb.
     0 | D:1      | Reached XP level 1. HP: 17/17 MP: 1/1
     0 | D:1      | Upgraded the game from 0.19-a0-1584-g8298829 to 0.19-a0-1587-gaef70b6
   235 | D:1      | Reached XP level 2. HP: 20/23 MP: 2/2
  1093 | D:2      | Reached XP level 3. HP: 27/28 MP: 3/3
  1106 | D:2      | Found a sparkling altar of Nemelex Xobeh.
  1683 | D:2      | Reached ** piety under Trog
  1859 | D:2      | Reached XP level 4. HP: 35/35 MP: 4/4
  2216 | D:3      | Reached skill level 4 in Long Blades
  2265 | D:3      | Noticed Ijyb
  2279 | D:2      | Killed Ijyb
  2989 | D:3      | Reached XP level 5. HP: 38/41 MP: 5/5
  3103 | D:3      | Found a basalt altar of Yredelemnul.
  3190 | D:3      | Reached skill level 1 in Evocations
  4132 | D:4      | Reached *** piety under Trog
  4310 | D:4      | Found a staircase to the Ecumenical Temple.
  4386 | D:4      | Reached skill level 1 in Stealth
  4386 | D:4      | Reached XP level 6. HP: 46/47 MP: 5/7
  4928 | D:4      | Reached skill level 5 in Long Blades
  4928 | D:4      | Reached XP level 7. HP: 16/53 MP: 8/8
  5893 | D:5      | Entered Level 5 of the Dungeon
  5958 | D:5      | Found a shattered altar of Ashenzari.
  6000 | D:5      | Reached skill level 1 in Shields
  6375 | D:5      | Reached **** piety under Trog
  6623 | D:5      | Reached XP level 8. HP: 60/60 MP: 9/9
  6867 | D:6      | Found a white marble altar of Elyvilon.
  6946 | D:6      | Reached skill level 6 in Long Blades
  7256 | D:6      | Found an ancient bone altar of Kikubaaqudgha.
  7258 | D:6      | Found a blossoming altar of Fedhas.
  7331 | D:6      | Found a glowing silver altar of Zin.
  7403 | D:6      | Found a hazy altar of Hepliaklqana.
  7404 | D:6      | Found an iron altar of Okawaru.
  7417 | D:6      | Found a bloodstained altar of Trog.
  7504 | D:6      | Found a deep blue altar of Sif Muna.
  7815 | D:6      | Upgraded the game from 0.19-a0-1587-gaef70b6 to 0.19-a0-1593-g74e9e56
  7816 | D:7      | Noticed a hippogriff
  7821 | D:7      | Killed a hippogriff
  7821 | D:7      | Reached skill level 5 in Dodging
  8033 | D:7      | Gained mutation: You are agile. (Dex +2) [potion of beneficial mutation]
  8199 | D:7      | Reached skill level 7 in Long Blades
  8199 | D:7      | Reached XP level 9. HP: 53/66 MP: 10/10
  8802 | D:8      | Found a staircase to the Lair.
  8832 | D:8      | Reached skill level 5 in Fighting
  8931 | D:8      | Noticed Grum
  8937 | D:8      | Reached skill level 5 in Shields
  8951 | D:8      | Killed Grum
  8951 | D:8      | Reached ***** piety under Trog
  8952 | D:8      | HP: 3/68 [orc priest/divine providence (10)]
  8952 | D:8      | Killed from afar by an orc priest

Vault maps used:
D:1:      lightli_arrival_statuegarden
D:2:      marbit_many_paths
D:3:      yredelemnul_forgotten_temple_becter, uniq_iyjb
D:4:      lightli_minifort
D:5:      first_bread, ashenzari_altar_1
D:6:      grunt_temple_overflow_growth_and_decay, overflow_temple_1_default,
          elyvilon_altar_1, grunt_temple_overflow_diamond, lemuel_doored_altar
D:8:      erik_lair_orcish_takeover, serial_shops, shop, uniq_grum

Skill      XL: |  1  2  3  4  5  6  7  8  9 |
---------------+----------------------------+-----
Armour         | 2 3 4 |  4.4
Fighting       | 3 4 5 |  5.3
Long Blades    | 4 5 7 |  7.8
Dodging        | 3 4 5 6 |  6.2
Evocations     | 1 2 |  2.0
Stealth        | 1 2 |  2.7
Shields        | 2 4 5 |  5.1

Action                   |  1- 3 |  4- 6 |  7- 9 || total
-------------------------+-------+-------+-------++-------
Melee: Falchion          |   118 |   286 |   541 ||   945
       Bite              |    12 |    32 |    71 ||   115
Invok: Berserk           |     2 |     2 |     6 ||    10
 Abil: End Transformatio |       |       |     1 ||     1
       Bat Form          |       |       |     1 ||     1
Evoke: Wand              |       |     2 |     1 ||     3
  Use: Potion            |     1 |    14 |     9 ||    24
       Scroll            |       |     7 |     7 ||    14
 Stab: Sleeping          |     2 |     3 |     3 ||     8
       Distracted        |       |     1 |     2 ||     3
  Eat: Corpse            |     1 |     4 |    12 ||    17
Armor: Animal skin       |    11 |    36 |    47 ||    94
       Ring mail         |       |       |    54 ||    54
Dodge: Dodged            |    62 |   137 |   189 ||   388
Block: Shield            |       |       |   205 ||   205
